 Dungeon Crawl Stone Soup version 0.28-a0-239-g68911e0c57 (webtiles) character file.

Game seed: 87963591752622964

4067 Colgate the Grappler (level 10, -7/96 HPs)
             Began as a Troll Monk on Aug 23, 2021.
             Was a Priest of Cheibriados.
             Mangled by a death yak (12 damage)
             ... on level 8 of the Dungeon.
             The game lasted 00:05:03 (6655 turns).

Colgate the Grappler (Troll Monk)                   Turns: 6655, Time: 00:05:04

Health: -7/96      AC:  4    Str: 32    XL:     10   Next: 5%
Magic:  9/9        EV: 12    Int: 14    God:    Cheibriados [***...]
Gold:   138        SH:  0    Dex: 20    Spells: 9/9 levels left

rFire   . . .      SeeInvis .     - Unarmed
rCold   . . .      Faith    .   (no shield)
rNeg    + . .      Spirit   .   a - +0 robe
rPois   .          Reflect  .   (helmet restricted)
rElec   .          Harm     .   (no cloak)
rCorr   .          Rampage  .   (gloves unavailable)
Will    .....                   (boots unavailable)
Stlth   ++........              (no amulet)
HPRegen 1.26/turn               g - ring of positive energy
MPRegen 0.11/turn               (no ring)

@: very slow
A: large, unfitting armour, claws 3, regeneration 1, shaggy fur 1, tough skin 1
a: Renounce Religion, Bend Time, Temporal Distortion


You were on level 8 of the Dungeon.
You worshipped Cheibriados.
Cheibriados was most pleased with you.
You visited 2 branches of the dungeon, and saw 9 of its levels.

You collected 530 gold pieces.
You spent 392 gold pieces at shops.


Innate Abilities, Weirdness & Mutations

You are too large for most types of armour.
You have claws for hands.
Your natural rate of healing is unusually fast.
You are covered in fur. (AC +1)
You have tough skin. (AC +1)


   Skills:
 - Level 5.2 Fighting
 - Level 4.0 Dodging
 - Level 1.0 Stealth
 + Level 12.8 Unarmed Combat


You had 9 spell levels left.
You didn't know any spells.
Your spell library was empty.

Inventory:

Armour
 a - a +0 robe (worn)
Jewellery
 g - a ring of positive energy (left claw)
Wands
 f - a wand of flame (16)
Scrolls
 b - 2 scrolls of teleportation
 c - a scroll of enchant weapon
 e - a scroll of identify
Potions
 d - 2 potions of haste
 h - 2 potions of might
 i - a potion of curing
 j - a potion of cancellation
 m - a potion of flight {unknown}
 n - a potion of resistance
 o - a potion of ambrosia {unknown}

Dungeon Overview and Level Annotations

Branches:
Dungeon (8/15)             Temple (1/1) D:5
   Lair: D:8-11

Altars:
Ashenzari
Cheibriados
Dithmenos
Elyvilon
Fedhas
Gozag
Hepliaklqana
Kikubaaqudgha
Makhleb
Nemelex Xobeh
Okawaru
Qazlal
Ru
Sif Muna
Trog
Uskayaw
Vehumet
Wu Jian
Xom
Yredelemnul
Zin
The Shining One

Shops:
D:7 !


Message History

Cheibriados thoroughly appreciates the change of pace.
Your Unarmed Combat skill increases to level 12!
A death yak comes into view.
You mangle the death yak!!
The death yak is moderately wounded.
You claw the death yak!
You claw the death yak, but do no damage.
The death yak is heavily wounded.
The death yak misses you.
You scratch the death yak but do no damage.
The death yak is heavily wounded.
The death yak gores you but does no damage.
You claw the death yak! x2
The death yak is almost dead.
The death yak gores you! The death yak gores you.
6649 ||| Stepping ~*~*~tactically~*~*~ (outnumbered).
The death yak closely misses you. The death yak gores you!
You mangle the death yak!!
You kill the death yak!
Cheibriados appreciates the change of pace.
The death yak gores you!!
You have reached level 10!
6651 ||| DRINKING 3 potions of heal wounds.
You feel much better. The death yak gores you.
The death yak snorts and paws the ground.
The death yak gores you!!
6652 ||| DRINKING 2 potions of heal wounds.
You feel much better. The death yak gores you! The death yak gores you!!
You scratch the death yak.
The death yak is lightly wounded.
The death yak gores you!! The death yak barely misses you.
6654 ||| DRINKING potion of heal wounds.
You feel much better. The death yak gores you! x2
You mangle the death yak!!
The death yak is moderately wounded.
The death yak gores you!
You die...

#####
#######...######
.....)..........##
######._..#### ..#
#....# #.#
##...######@##
###.......YY#
#.#######Y# #.#
..# #.# #... #.#
.### #.# .. #.#
... #.# ..


You could see 3 death yaks.

Vanquished Creatures
  2 death yaks (D:8)
  A water moccasin (D:7)
  An ice beast (D:6)
  An orc warrior (D:8)
  A sky beast (D:4)
  2 black bears (D:6)
  3 ogres
  3 centaurs
  A phantom (D:4)
  Blork the orc (D:4)
  3 bullfrogs
  A water moccasin zombie (D:7)
  A wyvern skeleton (D:6)
  6 scorpions
  A water moccasin skeleton (D:6)
  A howler monkey (D:7)
  2 centaur zombies
  A hound (D:5)
  A bullfrog zombie (D:6)
  A gnoll shaman (D:7)
  2 bullfrog skeletons
  A jelly (D:6)
  A centaur skeleton (D:4)
  3 orc priests
  Ijyb (D:3)
  5 iguanas
  5 orc wizards
  A howler monkey zombie (D:8)
  Robin (D:3)
  8 gnolls
  2 howler monkey skeletons (D:7)
  6 adders
  A shadow imp (D:6)
  An ufetubus (D:3)
  3 dart slugs
  14 orcs
  5 endoplasms
  3 giant cockroaches
  20 goblins
  5 hobgoblins
  3 jackals (D:4)
  5 quokkas
  3 ball pythons
  4 bats
  2 frilled lizards (D:2)
  4 kobolds
  A quokka skeleton (D:4)
  4 rats
148 creatures vanquished.

Vanquished Creatures (others)
  A hobgoblin (D:4)
1 creature vanquished.

Grand Total: 149 creatures vanquished

Notes
Turn   | Place    | Note
-------+----------+-------------------------------------------
     0 | D:1      | Colgate the Troll Monk began the quest for the Orb.
     0 | D:1      | Reached XP level 1. HP: 22/22 MP: 0/0
     0 | D:1      | 0 ||| counter = 12
   301 | D:1      | Reached XP level 2. HP: 24/29 MP: 1/1
   796 | D:1      | Found a faded altar of an unknown god.
  1045 | D:1      | 1045 ||| READING scroll labelled JOEDWA WUMA.
  1046 | D:1      | 1046 ||| READING 3 scrolls labelled SOIKEU MIOSUSOCO.
  1047 | D:1      | 1047 ||| DRINKING 2 murky blue potions.
  1048 | D:1      | 1048 ||| READING 2 scrolls of identify.
  1048 | D:1      | 1048 ||| IDENTIFYING white potion
  1049 | D:1      | 1049 ||| DROPPING potion of invisibility.
  1175 | D:2      | Reached skill level 4 in Unarmed Combat
  1554 | D:2      | 1554 ||| Stepping ~*~*~tactically~*~*~ (outnumbered).
  1555 | D:2      | 1555 ||| Stepping ~*~*~tactically~*~*~ (outnumbered).
  1556 | D:2      | 1556 ||| Stepping ~*~*~tactically~*~*~ (outnumbered).
  1601 | D:2      | Reached XP level 3. HP: 36/36 MP: 2/2
  1900 | D:2      | Found a sparkling altar of Nemelex Xobeh.
  2075 | D:2      | 2075 ||| DROPPING ring of wizardry.
  2076 | D:2      | 2076 ||| UPGRADING to ring of positive energy.
  2077 | D:2      | 2077 ||| READING scroll labelled OTRONI VAHOFAR.
  2091 | D:2      | 2091 ||| READING scroll labelled TUCAN DUB BECA.
  2096 | D:2      | 2096 ||| READING scroll labelled XIKLOS ROVULY.
  2148 | D:3      | 2148 ||| Stepping ~*~*~tactically~*~*~ (outnumbered).
  2149 | D:3      | 2149 ||| Stepping ~*~*~tactically~*~*~ (outnumbered).
  2151 | D:3      | Reached XP level 4. HP: 44/44 MP: 3/3
  2185 | D:3      | Reached skill level 5 in Unarmed Combat
  2186 | D:3      | 2186 ||| Stepping ~*~*~tactically~*~*~ (outnumbered).
  2187 | D:3      | 2187 ||| Stepping ~*~*~tactically~*~*~ (outnumbered).
  2188 | D:3      | 2188 ||| Stepping ~*~*~tactically~*~*~ (outnumbered).
  2189 | D:3      | 2189 ||| Stepping ~*~*~tactically~*~*~ (outnumbered).
  2190 | D:3      | 2190 ||| Stepping ~*~*~tactically~*~*~ (outnumbered).
  2191 | D:3      | 2191 ||| Stepping ~*~*~tactically~*~*~ (outnumbered).
  2193 | D:3      | 2193 ||| Stepping ~*~*~tactically~*~*~ (outnumbered).
  2229 | D:3      | Noticed Robin
  2242 | D:3      | 2242 ||| Stepping ~*~*~tactically~*~*~ (outnumbered).
  2254 | D:3      | Killed Robin
  2260 | D:3      | 2260 ||| STAIRDANCE
  2265 | D:2      | 2265 ||| DROPPING amulet of the acrobat.
  2266 | D:2      | 2266 ||| READING scroll labelled NADEBB NIARO.
  2295 | D:3      | 2295 ||| STAIRDANCE
  2373 | D:3      | Found a glowing silver altar of Zin.
  2502 | D:3      | Found a blossoming altar of Fedhas.
  2575 | D:3      | Noticed Ijyb
  2609 | D:3      | Killed Ijyb
  2610 | D:3      | Reached XP level 5. HP: 45/50 MP: 4/4
  2673 | D:3      | Reached skill level 6 in Unarmed Combat
  2782 | D:3      | 2782 ||| READING 4 scrolls labelled DIBIJELYCVE.
  2783 | D:3      | 2783 ||| READING scroll labelled XAITOI UXOD.
  2784 | D:3      | 2784 ||| DRINKING 3 sapphire potions.
  2785 | D:3      | 2785 ||| DROPPING 3 scrolls of noise.
  2815 | D:4      | Noticed a phantom
  2832 | D:4      | Killed a phantom
  2888 | D:4      | Noticed Blork the orc
  2894 | D:4      | 2894 ||| Stepping ~*~*~tactically~*~*~ (outnumbered).
  2898 | D:4      | Killed Blork the orc
  2899 | D:4      | Reached skill level 7 in Unarmed Combat
  2899 | D:4      | Reached XP level 6. HP: 48/59 MP: 5/5
  3052 | D:4      | Noticed a sky beast
  3073 | D:4      | Killed a sky beast
  3074 | D:4      | Reached skill level 8 in Unarmed Combat
  3074 | D:4      | Reached XP level 7. HP: 66/66 MP: 6/6
  3189 | D:4      | Reached skill level 3 in Fighting
  3910 | D:4      | 3910 ||| READING 3 scrolls of identify.
  3910 | D:4      | 3910 ||| IDENTIFYING lumpy inky potion
  3911 | D:4      | 3911 ||| READING 2 scrolls of identify.
  3911 | D:4      | 3911 ||| IDENTIFYING metallic emerald potion
  3912 | D:4      | 3912 ||| DROPPING potion of degeneration.
  3913 | D:4      | 3913 ||| DROPPING potion of lignification.
  3935 | D:5      | Entered Level 5 of the Dungeon
  4085 | D:5      | Reached skill level 9 in Unarmed Combat
  4129 | D:5      | You fall into a shaft and drop 2 floors!
  4130 | D:7      | 4130 ||| Shafted from D:5 to D:7.
  4171 | D:7      | Reached XP level 8. HP: 72/75 MP: 7/7
  4236 | D:5      | 4236 ||| Successfully unshafted to D:5.
  4374 | D:5      | Found a staircase to the Ecumenical Temple.
  4379 | Temple   | Entered the Ecumenical Temple
  4380 | Temple   | 4380 ||| Entered T.
  4428 | Temple   | Became a worshipper of Cheibriados the Contemplative
  4428 | Temple   | Reached * piety under Cheibriados
  4428 | Temple   | Reached ** piety under Cheibriados
  4600 | Temple   | 4600 ||| READING scroll labelled GEMERY UT HARU.
  4601 | Temple   | 4601 ||| READING scroll labelled GUIWEA WIFFU.
  4602 | Temple   | 4602 ||| READING 2 scrolls of identify.
  4602 | Temple   | 4602 ||| IDENTIFYING fuming cyan potion
  4684 | D:5      | Reached skill level 10 in Unarmed Combat
  4928 | D:6      | 4928 ||| Stepping ~*~*~tactically~*~*~ (outnumbered).
  4935 | D:6      | Reached skill level 3 in Dodging
  5023 | D:6      | Found a bloodstained altar of Trog.
  5023 | D:6      | Found a white marble altar of Elyvilon.
  5323 | D:6      | Reached skill level 11 in Unarmed Combat
  5442 | D:6      | Reached XP level 9. HP: 85/85 MP: 8/8
  5826 | D:7      | Found Kaijot's Distillery.
  5829 | D:7      | 5829 ||| BUYING potion of curing (42 gold).
  5829 | D:7      | Bought a potion of curing for 42 gold pieces
  5829 | D:7      | 5829 ||| BUYING potion of heal wounds (70 gold).
  5829 | D:7      | Bought a potion of heal wounds for 70 gold pieces
  5829 | D:7      | 5829 ||| BUYING potion of heal wounds (70 gold).
  5829 | D:7      | Bought a potion of heal wounds for 70 gold pieces
  5829 | D:7      | 5829 ||| BUYING potion of heal wounds (70 gold).
  5829 | D:7      | Bought a potion of heal wounds for 70 gold pieces
  5829 | D:7      | 5829 ||| BUYING potion of resistance (140 gold).
  5829 | D:7      | Bought a potion of resistance for 140 gold pieces
  5899 | D:7      | Reached *** piety under Cheibriados
  6404 | D:7      | 6404 ||| Stepping ~*~*~tactically~*~*~ (outnumbered).
  6406 | D:7      | 6406 ||| Stepping ~*~*~tactically~*~*~ (outnumbered).
  6447 | D:7      | 6447 ||| DROPPING ring of magical power.
  6448 | D:7      | 6448 ||| DROPPING potion of attraction.
  6493 | D:8      | HP: 19/88 [orc priest (5)]
  6494 | D:8      | 6494 ||| DRINKING 4 potions of heal wounds.
  6581 | D:8      | Found a stormy altar of Qazlal.
  6629 | D:8      | Noticed a death yak
  6638 | D:8      | Noticed a death yak
  6642 | D:8      | Noticed a death yak
  6642 | D:8      | Noticed a death yak
  6643 | D:8      | Killed a death yak
  6644 | D:8      | Reached skill level 12 in Unarmed Combat
  6644 | D:8      | Noticed a death yak
  6649 | D:8      | 6649 ||| Stepping ~*~*~tactically~*~*~ (outnumbered).
  6650 | D:8      | Killed a death yak
  6650 | D:8      | HP: 13/88 [death yak (20)]
  6651 | D:8      | Reached XP level 10. HP: 14/96 MP: 9/9
  6651 | D:8      | 6651 ||| DRINKING 3 potions of heal wounds.
  6652 | D:8      | 6652 ||| DRINKING 2 potions of heal wounds.
  6653 | D:8      | HP: 6/96 [death yak (21)]
  6654 | D:8      | 6654 ||| DRINKING potion of heal wounds.
  6655 | D:8      | Mangled by a death yak

Levels and vault maps discovered:
D:1:      psy_arrival_radial02, layout_basic,
          shapermc_ecumenical_altar_notcrosses, minivault_24
D:2:      layout_loops_corners, basic_altar, minmay_tripent
D:3:      layout_rooms, mainiacjoe_overflow_paths, lemuel_tele_altar, uniq_ijyb,
          uniq_robin
D:4:      minmay_evil_eye, layout_basic, serial_bayou_pond_b, uniq_blork_the_orc
D:5:      layout_rooms, temple_doors_ab
D:6:      layout_loops_ring, mainiacjoe_overflow_large_starburst,
          grunt_ministairs_6
D:7:      layout_gridville, serial_shops, shop
D:8:      layout_layer_cave, dpeg_lair_monsters, hangedman_feature_mirror
Temple:   dpeg_five_rooms_temple

Skill      XL: |  1  2  3  4  5  6  7  8  9 |
---------------+----------------------------+-----
Unarmed Combat | 4 5 7 8 9 11 12 | 12.8
Fighting       | 3 4 5 |  5.2
Dodging        | 3 4 |  4.0
Stealth        | |  1.0

Action                   |  1- 3 |  4- 6 |  7- 9 | 10-12 || total
-------------------------+-------+-------+-------+-------++-------
Melee: Unarmed           |    96 |   116 |   203 |     2 ||   417
       Punch             |     1 |     1 |    13 |       ||    15
  Use: Scroll            |     6 |     3 |     6 |       ||    15
       Potion            |     1 |     1 |     1 |     3 ||     6
Armor: Robe              |    23 |    29 |    29 |       ||    81
Dodge: Dodged            |    33 |    31 |    73 |     1 ||   138

Table legend:
 A = Non-vault XP
 B = Vault XP
 C = Vault XP percentage of total XP
 D = Non-vault monster count
 E = Vault monster count
 F = Vault count percentage of total count
                 A         B        C        D         E       F
            +---------+---------+-------+---------+---------+-------
      Total |    3504 |    2306 |  39.7 |     114 |      34 |  23.0
            +---------+---------+-------+---------+---------+-------
        D:1 |      24 |       0 |   0.0 |      14 |       0 |   0.0
        D:2 |      66 |       4 |   5.7 |      15 |       3 |  16.7
        D:3 |      90 |      70 |  43.8 |      15 |      12 |  44.4
        D:4 |     558 |     263 |  32.0 |      18 |       9 |  33.3
        D:5 |     340 |       0 |   0.0 |      11 |       0 |   0.0
        D:6 |    1195 |      88 |   6.9 |      20 |       6 |  23.1
        D:7 |     906 |       0 |   0.0 |      16 |       0 |   0.0
        D:8 |     325 |    1881 |  85.3 |       5 |       4 |  44.4
            +---------+---------+-------+---------+---------+-------
